 Dungeon Crawl Stone Soup version 0.32-a0-928-g1cae6b7ea0 (webtiles) character file.

Game seed: 837040514190595605

327742 holysushi the Acrobat (level 20, -7/117 HPs)
             Began as a Spriggan Monk on Apr 13, 2024.
             Was a Believer of Uskayaw.
             Mangled by Wiephyun's ghost (31 damage)
             ... on level 1 of the Vaults.
             The game lasted 01:39:14 (48221 turns).

holysushi the Acrobat (Spriggan Monk)              Turns: 48221, Time: 01:39:15

Health: -7/117     AC:  7    Str:  5    XL:     20   Next: 79%
Magic:  27/28      EV: 72    Int: 15    God:    Uskayaw [**....]
Gold:   2676       SH: 14    Dex: 46    Spells: 24/25 levels left

rFire   . . .        a - +9 quick blade (spect)
rCold   + + .        l - +3 buckler
rNeg    . . .        L - +2 robe {rC+ rF+}
rPois   .            X - +1 hat {Stlth+}
rElec   .            O - scarf {shadows}
rCorr   .            (gloves unavailable)
SInv    +            (boots unavailable)
Will    +++..        R - amulet "Deesoz" {rC+ Will- RegenMP+ Int+3 Dex+6} Stlth **++++++++
                     y - ring "Kabas" {Wiz +Blink rF- Str-2 Dex+8}
HPRegen 0.39/turn    d - +6 ring of dexterity
MPRegen 0.61/turn

%: wizardry (x1)
@: lethally poisoned (-7 -> -23), studying 3 skills, very quick
A: very small, no large weapons, unfitting armour, see invisible, speed 3, horns
1, iridescent scales 1, strong-willed 1, robust 1, wild magic 1
}: 2/15 runes: barnacled, gossamer
a: Renounce Religion, Evoke Blink, Stomp, Line Pass


You were on level 1 of the Vaults.
You worshipped Uskayaw.
Uskayaw was aware of your devotion.
You visited 8 branches of the dungeon, and saw 35 of its levels.
You also visited: Bailey, Gauntlet and Ice Cave.

You collected 4030 gold pieces.
You spent 1354 gold pieces at shops.

Inventory:

Hand Weapons
 a - a +9 spectral quick blade (weapon)
 b - a +1 heavy hand cannon
Missiles
 P - 8 throwing nets (quivered)
Armour
 l - a +3 buckler (worn)
 E - a scarf of resistance
 L - a +2 robe of resistance (worn)
 O - a scarf of shadows (worn)
 X - a +1 hat of stealth (worn)
Jewellery
 c - the ring "Elemis" {rElec rC+ Dex+5}
   (You took it off a deep elf master archer on level 3 of the Elven Halls)

   [ring of protection from cold]

   Dex+5:     It affects your dexterity (+5).
   rC+:       It protects you from cold.
   rElec:     It insulates you from electricity.
 d - a +6 ring of dexterity (right hand)
 y - the ring "Kabas" (left hand) {Wiz +Blink rF- Str-2 Dex+8}
   (You acquired it in a bailey)

   [ring of wizardry]

   Wiz:       It improves your spell success rate.
   Str-2:     It affects your strength (-2).
   Dex+8:     It affects your dexterity (+8).
   rF-:       It makes you vulnerable to fire.
   +Blink:    It lets you blink.
 R - the amulet "Deesoz" (around neck) {rC+ Will- RegenMP+ Int+3 Dex+6}
   (You found it on level 3 of the Lair of Beasts)

   [amulet of magic regeneration]

   It increases your rate of magic regeneration.
   Int+3:     It affects your intelligence (+3).
   Dex+6:     It affects your dexterity (+6).
   rC+:       It protects you from cold.
   Will-:     It decreases your willpower.
   RegenMP+:  It increases your rate of magic regeneration.
 S - the ring of New Discoveries {Fly rC+ Will+}
   (You found it in a Gauntlet)

   [ring of flight]

   rC+:       It protects you from cold.
   Will+:     It increases your willpower.
   Fly:       It grants you flight.
Talismans
 x - a beast talisman
Wands
 n - a wand of iceblast (25)
 o - a wand of polymorph (25)
 B - a wand of paralysis (37)
 D - a wand of flame (88)
Scrolls
 g - 6 scrolls of fog
 i - 10 scrolls of teleportation
 m - 2 scrolls of amnesia
 p - 2 scrolls of poison
 r - 5 scrolls of vulnerability
 s - 3 scrolls of blinking
 C - 5 scrolls of enchant armour
 F - 2 scrolls of immolation
 G - a scroll of butterflies
 K - 9 scrolls of revelation
 Q - 2 scrolls of silence
 T - 2 scrolls of brand weapon
 Y - 8 scrolls of fear
Potions
 e - 3 potions of magic
 f - 6 potions of resistance
 h - 7 potions of berserk rage
 j - 11 potions of curing
 k - 3 potions of cancellation
 q - 7 potions of haste
 t - 5 potions of enlightenment
 u - 7 potions of brilliance
 v - 5 potions of mutation
 w - 6 potions of heal wounds
 z - 8 potions of lignification
 A - 5 potions of invisibility
 I - 3 potions of might
 N - 9 potions of ambrosia
 Z - 4 potions of attraction
Miscellaneous
 J - a lightning rod (4/4)
 U - a phantom mirror
 V - a Gell's gravitambourine (1/2)
 W - a box of beasts


   Skills:
 - Level 12.0 Fighting
 - Level 15.0 Short Blades
 + Level 12.9 Ranged Weapons
 - Level 25.6 Dodging
 - Level 25.3 Stealth
 - Level 10.0 Shields
 - Level 3.4 Spellcasting
 - Level 1.7 Translocations
 - Level 10.0 Invocations
 - Level 10.0 Evocations
 - Level 7.0 Shapeshifting


You had 24 spell levels left.
You knew the following spells:

 Your Spells              Type           Power      Damage    Failure   Level
a - Apportation           Tloc           20%        N/A       9%          1

Your spell library contained the following spells:

 Spells                   Type           Power      Damage    Failure   Level
 Blink                    Tloc           20%        N/A       12%         2
 Lesser Beckoning         Tloc           20%        N/A       12%         2
 Freeze                   Ice            12%        1d3       16%         1
 Necrotise                Necr           12%        1d4       16%         1
 Sandblast                Erth           6%         2d5       16%         1
 Slow                     Hex            12%        N/A       16%         1
 Sting                    Conj/Alch      12%        1d3       16%         1
 Summon Small Mammal      Summ           12%        N/A       16%         1
 Momentum Strike          Conj/Tloc      12%        3d8       16%         2
 Ensorcelled Hibernation  Hex/Ice        6%         N/A       21%         2
 Mercury Vapours          Alch/Air       6%         N/A       21%         2
 Static Discharge         Conj/Air       6%         3-4/arc   21%         2
 Maxwell's Portable Pile  Tloc           10%        2d(6-16)  21%         3
 Teleport Other           Tloc           10%        N/A       21%         3
 Volatile Blastmotes      Fire/Tloc      12%        2d11      30%         3
 Confusing Touch          Hex            3%         N/A       38%         3
 Dazzling Flash           Conj/Hex       6%         N/A       38%         3
 Frozen Ramparts          Ice            6%         1d1       38%         3
 Fugue of the Fallen      Necr           3%         N/A       38%         3
 Hailstorm                Conj/Ice       3%         3d5       38%         3
 Mephitic Cloud           Conj/Alch/Air  3%         N/A       38%         3
 Ozocubu's Armour         Ice            3%         N/A       38%         3
 Stone Arrow              Conj/Erth      6%         3d7       38%         3
 Summon Ice Beast         Ice/Summ       3%         N/A       38%         3
 Vampiric Draining        Necr           3%         2d6       38%         3
 Iskenderun's Mystic Bla Conj/Tloc 6%             2d4        (+2d1     65%         4
 Vhi's Electric Charge    Tloc/Air       12%        N/A       65%         4
 Airstrike                Air            1%         2d(1-17)  75%         4
 Anguish                  Hex/Necr       1%         N/A       75%         4
 Animate Armour           Summ/Erth      6%         N/A       75%         4
 Brom's Barrelling Bould  Conj/Erth      3%         2d3       75%         4
 Cause Fear               Hex            1%         N/A       75%         4
 Fulminant Prism          Conj/Alch      1%         3d5       75%         4
 Ignite Poison            Fire/Alch      3%         N/A       75%         4
 Olgreb's Toxic Radiance  Alch           3%         N/A       75%         4
 Petrify                  Alch/Erth      3%         N/A       75%         4
 Summon Lightning Spire   Summ/Air       3%         N/A       75%         4
 Summon Forest            Summ/Tloc      3%         N/A       92%         5
 Arcjolt                  Conj/Air       1%         1d11      96%         5
 Curse of Agony           Necr           3%         N/A       96%         5
 Silence                  Hex/Air        1%         N/A       96%         5
 Summon Mana Viper        Hex/Summ       3%         N/A       96%         5
 Bombard                  Conj/Erth      1%         9d1       100%        6
 Dispersal                Tloc           5%         N/A       100%        6
 Eringya's Noxious Bog    Alch           1%         4d6       100%        6
 Gell's Gavotte           Tloc           5%         2d(13-19) 100%        6
 Plasma Beam              Fire/Air       1%         2x1d11    100%        6
 Summon Cactus Giant      Summ           1%         N/A       100%        6
 Haunt                    Necr/Summ      1%         N/A       100%        7
 Manifold Assault         Tloc           5%         N/A       100%        7
 Ozocubu's Refrigeration  Ice            1%         4d7       100%        7
 Summon Hydra             Summ           1%         N/A       100%        7
 Borgnjor's Revivificati  Necr           1%         N/A       100%        8
 Discord                  Hex            1%         N/A       100%        8
 Lehudib's Crystal Spear  Conj/Erth      1%         10d2      100%        8
 Maxwell's Capacitive Co  Air            1%         ∞         100%        8
 Chain Lightning          Conj/Air       1%         3d2       100%        9
 Death's Door             Necr           1%         N/A       100%        9
 Fire Storm               Conj/Fire      1%         8d1       100%        9


Dungeon Overview and Level Annotations

Branches:
Dungeon (15/15) Zot: 24640  Temple (1/1) D:4 Zot: 5978    Lair (5/5) D:10 Zot: 25320
 Shoals (4/4) Lair:3 Zot: 19260  Spider (4/4) Lair:2 Zot: 20147   Slime (0/5) Lair:4
    Orc (2/2) D:10 Zot: 9545     Elf (3/3) Orc:2 Zot: 13921  Vaults (1/5) D:14 Zot: 5095
 Depths (0/4) D:15         Bailey (visited)           IceCv (visited)
Gauntlet (visited)

Altars:
Ashenzari
Cheibriados
Elyvilon
Fedhas
Gozag
Hepliaklqana
Kikubaaqudgha
Makhleb
Nemelex Xobeh
Okawaru
Qazlal
Ru
Sif Muna
Trog
Uskayaw
Vehumet
Wu Jian
Xom
Yredelemnul
Zin
The Shining One
Beogh
Jiyva

Shops:
D:11 ?   Orc:2 =*[[(   Elf:1 *=:   Shoals:4 [

Annotations:
Lair:2 exclusion: oklob plant
Vaults:1 Wiephyun's ghost, veteran GnHu


Innate Abilities, Weirdness & Mutations

You are very small and have problems with some larger weapons.
You are too small for most types of armour.
You have supernaturally acute eyesight. (SInv)
You cover ground extremely quickly. (Speed+++)
You have a pair of small horns on your head.
You are partially covered in iridescent scales. (AC +2)
You are strong-willed. (Will+)
You are robust. (+10% HP)
Your spells are a little harder to cast, but a little more powerful.


Message History

Your spectral weapon shares its damage with you!
Your +9 spectral quick blade disappears.
The orc warlord hits you with a +2 war axe!!
Uskayaw will force your foes to helplessly watch your dance.
Uskayaw prepares the audience for your solo!
There is an open door, spattered with blood here.
The helpless orc warlord fails to defend itself.
You perforate the orc warlord like a sieve!!!!!!
You kill the orc warlord!
The stone giant is no longer paralysed.
The orc warlord is no longer paralysed.
The orc knight is no longer paralysed. x2
The orc high priest is no longer paralysed.
Wiephyun's ghost gestures wildly while chanting.
Wiephyun's ghost begins to radiate toxic energy.
* * * LOW HITPOINT WARNING * * *
You are poisoned.
You feel very sick. You block Wiephyun's ghost's attack.
Aiming: Line Pass
Press: ? - help, Dir - move target Wiephyun's ghost appears confused.
You feel sick.
* * * LOW HITPOINT WARNING * * *
You are lethally poisoned!
Unknown command.
You feel better.
* * * LOW HITPOINT WARNING * * *
You are poisoned.
The orc warlord no longer looks unusually strong.
You feel better.
Wiephyun's ghost seems less confused.
* * * LOW HITPOINT WARNING * * *
You are poisoned.
Wiephyun's ghost misses you.
The orc warlord roars a battlecry!
You feel better.
* * * LOW HITPOINT WARNING * * *
You are poisoned.
The stone giant throws a large rock.
The large rock completely misses you. Wiephyun's ghost hits you!!
You die...
Your body falls in perfect tune with the rhythm.

##.....# #.......o.......# #
##...## #######'######### #
##### #.....Co# # #.......#
#.....o.# #.......# #.......#
##### #.......###.#)## #####
#..@W...##....(## #.#.#
#.......'.......# .#.##
#.[.....##..>..## #.#.#
#.......+.......#
.#.############'#######?...^##
#.#.'............# ##.#.##
.#..#............#########'#####
#.#.#........)...#......#......#
.#.##............#......#...[..#


You could see an orc warlord, a stone giant, an orc knight (strong) and
Wiephyun's ghost (toxic aura).

Vanquished Creatures
  Saint Roka (Orc:2)
  Nikola (Shoals:3)
  Jorgrun (Shoals:2)
  2 deep elf master archers (Elf:3)
  3 deep elf blademasters
  Gastronok (D:8)
  Aizul (Shoals:2)
  A kraken (Shoals:4)
  Kirke (Lair:2)
  Ilsuiw (Shoals:2)
  5 deep elf sorcerers (Elf:3)
  6 emperor scorpions
  A ghost moth (Spider:2)
  Roxanne (Spider:1)
  3 deep elf elementalists (Elf:3)
  Louise (Spider:3)
  2 vault wardens (Vaults:1)
  3 orc warlords
  7 ironbound preservers (Vaults:1)
  2 broodmothers
  3 very ugly things
  The ghost of Cancer the Earth Mage, a journeyman GrEE of Vehumet (Orc:2)
  A stone giant (D:15)
  8 deep elf demonologists
  3 spark wasps
  7 deep elf death magi
  The ghost of sdfx the Spear-Bearer, a journeyman GnRe of Ashenzari (Lair:3)
  6 deep elf annihilators
  A minotaur (Gauntlet)
  3 merfolk impalers
  An ettin (Orc:2)
  Josephine (D:13)
  A spectral kraken (Shoals:3)
  3 yaktaur captains (Vaults:1)
  4 entropy weavers
  12 merfolk javelineers
  3 deep elf high priests (Elf:3)
  8 hydras
  2 great orbs of eyes (Vaults:1)
  An ice dragon (Spider:1)
  2 ironbound frosthearts (Vaults:1)
  The ghost of Bunar the Gouger, a journeyman FeSh of Ru (Shoals:3)
  3 centaur warriors
  An alligator snapping turtle (Shoals:4)
  A catoblepas (D:14)
  A jorogumo (Spider:4)
  5 radroaches
  2 death knights (D:13)
  A merfolk avatar (Shoals:4)
  2 tengu warriors
  7 boulder beetles
  28 dancing weapons
  4 merfolk aquamancers
  3 two-headed ogres
  A satyr (Shoals:2)
  A death scarab (Gauntlet)
  11 death yaks
  An occultist (D:15)
  11 demonic crawlers
  Urug (Lair:3)
  3 orc high priests
  12 deep elf knights
  Sonja (Lair:4)
  4 skysharks
  17 deep elf archers
  17 pharaoh ants
  11 skeletal warriors
  10 sea snakes
  A sun moth (Spider:4)
  6 orb spiders
  A glowing orange brain (Lair:3)
  A mana viper (shapeshifter) (Elf:2)
  16 deep trolls (Vaults:1)
  2 orange crystal statues (IceCv)
  A deep troll (shapeshifter) (Elf:1)
  A lindwurm (Vaults:1)
  8 steelbarb worms
  An obsidian statue (Orc:2)
  An arcanist (Vaults:1)
  A thermic dynamo (Elf:2)
  3 necromancers
  2 orc knights
  19 harpies
  A phantasmal warrior (D:13)
  25 deep elf pyromancers
  19 deep elf zephyrmancers
  15 wolf spiders
  A salamander (shapeshifter) (Elf:1)
  9 ugly things
  9 fauns
  A faun (shapeshifter) (D:14)
  9 orc sorcerers
  4 black mambas
  2 spectral alligator snapping turtles (Shoals:3)
  3 moths of wrath
  11 cyclopes
  6 meliai
  18 manticores
  10 merfolk sirens
  13 elephants
  7 kobold blastminers
  7 water nymphs
  A black mamba (shapeshifter) (Elf:1)
  9 torpor snails
  8 cane toads
  4 vault sentinels (Vaults:1)
  A cane toad (shapeshifter) (D:15)
  3 unseen horrors
  2 rime drakes
  A frost giant skeleton (Vaults:1)
  6 gargoyles
  A human zombie (Vaults:1)
  9 komodo dragons
  4 kobold demonologists
  An anaconda simulacrum (IceCv)
  8 freezing wraiths
  A tengu conjurer (D:14)
  Psyche (D:9)
  9 yaktaurs (Vaults:1)
  3 golden dragon simulacra (IceCv)
  39 merfolk
  3 polar bears (Lair:5)
  5 trolls
  7 hornets
  A queen bee (shapeshifter) (Elf:1)
  A polar bear (shapeshifter) (D:11)
  26 jumping spiders
  An alligator simulacrum (IceCv)
  A raiju (shapeshifter) (Elf:1)
  29 tarantellas
  20 blink frogs
  8 snapping turtles
  8 wind drakes
  A spectral dream sheep (Gauntlet)
  20 dream sheep
  16 slime creatures
  A dream sheep (shapeshifter) (Vaults:1)
  A stone giant simulacrum (Vaults:1)
  16 culicivoras
  A culicivora (shapeshifter) (Elf:1)
  4 air elementals
  5 wraiths (D:13)
  A centaur simulacrum (D:14)
  3 dire elephant simulacra (IceCv)
  16 spriggans (Lair:5)
  2 shadows
  5 fire elementals
  Sigmund (D:9)
  A yak (shapeshifter) (Elf:1)
  A vampire (D:10)
  7 wyverns
  45 yaks
  A fire bat (Gauntlet)
  15 water elementals
  3 basilisks
  5 wargs
  4 humans (D:9)
  4 hogs (Lair:2)
  53 redbacks
  An elf skeleton (Vaults:1)
  4 vampire mosquitoes
  A steam dragon (D:9)
  A harpy simulacrum (IceCv)
  18 water moccasins
  3 spectral snapping turtles (Shoals:3)
  2 hydra simulacra (IceCv)
  2 acid dragons (D:11)
  8 black bears
  2 laughing skulls (D:14)
  3 ice beasts (D:5)
  A sky beast (shapeshifter) (D:13)
  2 ettin simulacra (IceCv)
  47 orc warriors
  11 ogres
  8 boggarts
  14 centaurs
  A crocodile (D:7)
  24 wolves
  A phantom (D:5)
  12 kobold brigands
  20 bullfrogs
  5 scorpions
  2 gnoll sergeants (D:10)
  4 earth elementals
  A hornet simulacrum (D:15)
  15 wights
  2 lindwurm simulacra (IceCv)
  2 electric eels (Spider:3)
  6 howler monkeys
  A gnoll bouda (D:8)
  21 orc priests
  3 bombardier beetles
  8 hounds
  9 jellies
  4 sleepcaps
  7 iguanas
  Natasha (thrice) (D:2)
  24 orc wizards
  7 hell rats (Lair:2)
  10 gnolls
  11 adders
  A shadow imp (D:8)
  A white imp (D:7)
  4 ufetubi
  A ribbon worm (D:5)
  3 dart slugs
  118 orcs
  A ball python (D:1)
  5 endoplasms
  9 hobgoblins
  4 jackals
  2 quokkas
  3 bats
  A frilled lizard (D:3)
  11 goblins
  30 kobolds
  6 rats
  3 tentacles (Shoals:3)
1497 creatures vanquished.

Vanquished Creatures (collateral kills)
  A dancing weapon (Elf:2)
1 creature vanquished.

Vanquished Creatures (others)
  A radroach (Spider:3)
  A steelbarb worm (Spider:4)
  An orc (Orc:2)
  27 spectral weapons
  7 tentacles
37 creatures vanquished.

Grand Total: 1535 creatures vanquished

Notes
Turn   | Place    | Note
-------+----------+-------------------------------------------
     0 | D:1      | holysushi the Spriggan Monk began the quest for the Orb.
     0 | D:1      | Reached XP level 1. HP: 11/11 MP: 2/2
   901 | D:2      | Reached XP level 2. HP: 16/16 MP: 3/3
  1185 | D:2      | Reached skill level 1 in Stealth
  1237 | D:2      | Noticed Natasha
  1616 | D:3      | Noticed a bombardier beetle
  1663 | D:3      | Gained mutation: You are frail. (-10% HP) [potion of
                  | mutation]
  1663 | D:3      | Gained mutation: You are partially covered in iridescent
                  | scales. (AC +2) [potion of mutation]
  1663 | D:3      | Gained mutation: You are resistant to electric shocks.
                  | (rElec) [potion of mutation]
  1673 | D:3      | Killed a bombardier beetle
  1674 | D:3      | Reached XP level 3. HP: 17/17 MP: 4/4
  1707 | D:3      | Found a glowing silver altar of Zin.
  1817 | D:3      | Found a glowing golden altar of the Shining One.
  1819 | D:3      | Reached skill level 5 in Short Blades
  1948 | D:3      | Reached XP level 4. HP: 20/20 MP: 5/5
  1950 | D:3      | Learned a level 1 spell: Apportation
  1952 | D:3      | Found a faded altar of an unknown god.
  2369 | D:3      | Noticed a scorpion
  2549 | D:4      | Identified the +4 ring mail of Disaster {Int+4}
  2577 | D:4      | You fall into a shaft and drop 3 floors!
  2756 | D:7      | Found a hazy altar of Hepliaklqana.
  2844 | D:7      | Reached XP level 5. HP: 24/24 MP: 6/6
  2887 | D:6      | Reached skill level 5 in Dodging
  3187 | D:6      | Reached XP level 6. HP: 25/28 MP: 7/7
  3377 | D:5      | Entered Level 5 of the Dungeon
  3452 | D:5      | Noticed an ice beast
  3463 | D:5      | Killed an ice beast
  3959 | D:4      | Found a staircase to the Ecumenical Temple.
  4136 | Temple   | Entered the Ecumenical Temple
  4160 | Temple   | Became a worshipper of Uskayaw the Reveller
  4160 | Temple   | Reached * piety under Uskayaw
  4222 | D:5      | Reached ** piety under Uskayaw
  4228 | D:5      | Reached *** piety under Uskayaw
  4243 | D:4      | Reached XP level 7. HP: 19/31 MP: 8/8
  4305 | D:5      | Reached skill level 1 in Invocations
  4402 | D:5      | Reached **** piety under Uskayaw
  4423 | D:5      | Reached skill level 1 in Shapeshifting
  4440 | D:5      | Identified the +4 hand axe of the Hall of Blades {spect,
                  | rPois rF++ rN+ Str+2}
  4539 | D:5      | Reached XP level 8. HP: 21/36 MP: 10/10
  5004 | D:5      | Reached skill level 1 in Evocations
  5217 | D:5      | Reached ***** piety under Uskayaw
  5343 | D:5      | Found an ornate altar of the Wu Jian Council.
  5343 | D:5      | Found a basalt altar of Yredelemnul.
  5343 | D:5      | Found a white marble altar of Elyvilon.
  5552 | D:6      | Reached skill level 5 in Shapeshifting
  5722 | D:6      | Found a snail-covered altar of Cheibriados.
  6428 | D:6      | Reached XP level 9. HP: 36/39 MP: 11/11
  6746 | D:7      | Found a blossoming altar of Fedhas.
  7134 | D:7      | Reached skill level 5 in Stealth
  7277 | D:7      | Found a hazy altar of Hepliaklqana.
  7377 | D:7      | Found a blossoming altar of Fedhas.
  8280 | D:8      | Noticed Gastronok
  8329 | D:8      | Noticed Maurice
  8331 | D:8      | Maurice changed into Maurice the crocodile
  8331 | D:8      | Noticed Maurice
  8356 | D:7      | Killed Maurice the crocodile
  8357 | D:7      | Reached skill level 10 in Short Blades
  8594 | D:8      | Noticed a two-headed ogre
  8601 | D:8      | Killed a two-headed ogre
  8602 | D:8      | Reached skill level 10 in Dodging
  8602 | D:8      | Reached skill level 1 in Spellcasting
  8781 | D:8      | Found a shimmering altar of Xom.
  8964 | D:9      | Found an opulent altar of Gozag.
  9166 | D:9      | Reached XP level 10. HP: 22/44 MP: 6/14
  9361 | D:9      | Found a white marble altar of Elyvilon.
  9673 | D:9      | Reached skill level 1 in Shields
  9858 | D:9      | Noticed Sigmund
  9860 | D:9      | Noticed Psyche
  9966 | D:9      | Reached ****** piety under Uskayaw
  9995 | D:9      | Killed Sigmund
 10013 | D:9      | Killed Psyche
 10369 | D:10     | Entered Level 10 of the Dungeon
 10552 | D:10     | Found a flagged portal.
 10564 | Bailey   | Entered a bailey
 10629 | Bailey   | Noticed an orc warlord
 10670 | Bailey   | Reached skill level 5 in Invocations
 10670 | Bailey   | Reached XP level 11. HP: 46/48 MP: 17/17
 10696 | Bailey   | Found a runed translucent gate.
 10696 | Bailey   | Found a runed translucent gate.
 10696 | Bailey   | Found a runed translucent gate.
 10760 | Bailey   | Identified a scroll of acquirement
 10760 | Bailey   | Acquired the ring "Kabas" {Wiz +Blink rF- Str-2 Dex+8}
 10923 | Bailey   | Killed an orc warlord
 10924 | Bailey   | Reached skill level 5 in Fighting
 10942 | Bailey   | Got the Atlas of Glaciation and Effluvium
 11021 | D:10     | Reached skill level 10 in Stealth
 11090 | D:10     | Found a staircase to the Lair.
 11744 | D:10     | Noticed a sun demon
 11856 | D:10     | Found a staircase to the Orcish Mines.
 12076 | Lair:1   | Entered Level 1 of the Lair of Beasts
 12102 | Lair:1   | Reached skill level 15 in Dodging
 12228 | Lair:1   | Reached XP level 12. HP: 55/55 MP: 18/18
 12440 | Lair:1   | Noticed a death yak
 12440 | Lair:1   | Noticed a death yak
 12441 | Lair:1   | Noticed a death yak
 12442 | Lair:1   | Noticed a death yak
 12442 | Lair:1   | Noticed a death yak
 12527 | Lair:1   | Killed a death yak
 12591 | Lair:1   | Killed a death yak
 12605 | Lair:1   | Killed a death yak
 12778 | Lair:1   | Killed a death yak
 12845 | Lair:2   | Killed a death yak
 12993 | Lair:2   | Found a snail-covered altar of Cheibriados.
 13134 | Lair:2   | Noticed a six-headed hydra
 13466 | Lair:2   | Found a hole to the Spider Nest.
 13787 | Lair:2   | Reached XP level 13. HP: 60/60 MP: 19/19
 13790 | Lair:2   | Lost mutation: You are resistant to electric shocks.
                  | (rElec) [potion of mutation]
 13790 | Lair:2   | Lost mutation: You are frail. (-10% HP) [potion of
                  | mutation]
 13790 | Lair:2   | Gained mutation: You have hidden genetic defects. [potion
                  | of mutation]
 13790 | Lair:2   | Gained mutation: You are strong-willed. (Will+) [potion of
                  | mutation]
 13790 | Lair:2   | Gained mutation: You are highly strong-willed. (Will++)
                  | [potion of mutation]
 13791 | Lair:2   | Lost mutation: You have hidden genetic defects. [potion of
                  | mutation]
 13791 | Lair:2   | Lost mutation: You are partially covered in iridescent
                  | scales. (AC +2) [potion of mutation]
 13791 | Lair:2   | Gained mutation: You occasionally lose the ability to drink
                  | potions when taking damage. [potion of mutation]
 13791 | Lair:2   | Gained mutation: You are partially covered in iridescent
                  | scales. (AC +2) [potion of mutation]
 13792 | Lair:2   | Lost mutation: You are highly strong-willed. (Will++)
                  | [potion of mutation]
 13792 | Lair:2   | Lost mutation: You occasionally lose the ability to drink
                  | potions when taking damage. [potion of mutation]
 13792 | Lair:2   | Gained mutation: You have a pair of small horns on your
                  | head. [potion of mutation]
 13792 | Lair:2   | Gained mutation: You are robust. (+10% HP) [potion of
                  | mutation]
 13792 | Lair:2   | Gained mutation: Your spells are a little harder to cast,
                  | but a little more powerful. [potion of mutation]
 14083 | Lair:3   | Noticed Kirke
 14169 | Lair:2   | Noticed a sphinx
 14331 | Lair:2   | Killed Kirke
 14442 | Lair:3   | Found a staircase to the Shoals.
 14606 | Lair:3   | Reached skill level 1 in Translocations
 14717 | Lair:3   | Reached XP level 14. HP: 79/79 MP: 20/20
 14810 | Lair:3   | Noticed Urug
 14853 | Lair:3   | Killed Urug
 14964 | Lair:3   | Found a runed translucent gate.
 14964 | Lair:3   | Found a runed translucent gate.
 14965 | Lair:3   | Found a runed translucent gate.
 14967 | Lair:3   | Noticed sdfx's ghost (journeyman GnRe)
 14970 | Lair:3   | Found a viscous altar of Jiyva.
 15325 | Lair:3   | Killed sdfx's ghost
 15342 | Lair:3   | Identified the amulet "Deesoz" {rC+ Will- RegenMP+ Int+3
                  | Dex+6}
 15524 | Lair:4   | Found a gate leading to a gauntlet.
 15533 | Gauntlet | Entered a Gauntlet
 15533 | Gauntlet | Found a transporter.
 15533 | Gauntlet | Found a transporter.
 15545 | Gauntlet | Found a transporter.
 15563 | Gauntlet | Found a transporter.
 15563 | Gauntlet | Found a transporter.
 15565 | Gauntlet | Found a transporter.
 15565 | Gauntlet | Found a transporter.
 15566 | Gauntlet | Found a transporter.
 15578 | Gauntlet | Found a transporter.
 15594 | Gauntlet | Found a transporter.
 15604 | Gauntlet | Found a transporter.
 15618 | Gauntlet | Found a transporter.
 15652 | Gauntlet | Found a transporter.
 15667 | Gauntlet | Found a transporter.
 15965 | Gauntlet | Identified the ring of New Discoveries {Fly rC+ Will+}
 16140 | Lair:4   | Found a viscous altar of Jiyva.
 16887 | Lair:4   | Noticed Sonja
 16894 | Lair:4   | Killed Sonja
 17091 | Lair:4   | Found a staircase to the Slime Pits.
 17286 | D:8      | Killed Gastronok
 17617 | Lair:5   | Entered Level 5 of the Lair of Beasts
 17679 | Lair:5   | Reached skill level 15 in Stealth
 18327 | Lair:5   | Identified the +7 sling "Vesiuphe" {flame, rElec rN+ Str+5
                  | Dex+3}
 18366 | Lair:5   | Reached XP level 15. HP: 84/84 MP: 22/22
 18474 | Lair:5   | Found an iron altar of Okawaru.
 19204 | Orc:1    | Entered Level 1 of the Orcish Mines
 19388 | Orc:2    | Entered Level 2 of the Orcish Mines
 19576 | Orc:2    | Found a staircase to the Elven Halls.
 19584 | Orc:2    | Found a roughly hewn altar of Beogh.
 19627 | Orc:2    | Found a roughly hewn altar of Beogh.
 19747 | Orc:2    | Found a roughly hewn altar of Beogh.
 19748 | Orc:2    | Found Ynivuz's Jewellery Shop.
 19827 | Orc:2    | Found a roughly hewn altar of Beogh.
 19863 | Orc:2    | Found a runed translucent gate.
 19864 | Orc:2    | Found a runed translucent gate.
 19864 | Orc:2    | Found a runed translucent gate.
 19865 | Orc:2    | Found an opulent altar of Gozag.
 19871 | Orc:2    | Noticed Cancer's ghost (journeyman GrEE)
 19929 | Orc:2    | Found a roughly hewn altar of Beogh.
 20038 | Orc:2    | Noticed Saint Roka
 20039 | Orc:2    | Found a roughly hewn altar of Beogh.
 20039 | Orc:2    | Found Xeip's Antique Armour Boutique.
 20354 | Orc:2    | Found Fut Nera's Antique Weapon Shop.
 20367 | Orc:2    | Killed Saint Roka
 20494 | Orc:2    | Bought a crude short sword for 256 gold pieces
 20494 | Orc:2    | Identified the +10 short sword of the Extremes {drain,
                  | Int+6} (You bought it in a shop on level 2 of the Orcish
                  | Mines)
 20551 | Orc:2    | Found a roughly hewn altar of Beogh.
 20555 | Orc:2    | Found Zyunoat's Armour Shoppe.
 20635 | Orc:2    | Found a roughly hewn altar of Beogh.
 20805 | Orc:2    | Found Ryhup's Assorted Antiques.
 20839 | Orc:2    | Killed Cancer's ghost
 20878 | Orc:2    | Bought a scroll labelled ZEAKLI BITHRONK for 37 gold pieces
 22084 | Elf:1    | Entered Level 1 of the Elven Halls
 22254 | Elf:1    | Identified the +10 spear "Jietumaj" {speed, Fly rC+}
 22286 | Elf:1    | Got the Parchment of Toxins
 22348 | Elf:1    | Found Baorphas's General Store.
 22370 | Elf:1    | Bought a scroll of acquirement for 520 gold pieces
 22370 | Elf:1    | Bought a scroll of teleportation for 30 gold pieces
 22372 | Elf:1    | Acquired a manual of Short Blades
 22595 | Elf:1    | You are sucked into a shaft and drop 1 floor!
 22595 | Elf:2    | Noticed a deep elf blademaster
 22848 | Elf:2    | Reached XP level 16. HP: 92/92 MP: 24/24
 22874 | Elf:2    | Reached skill level 5 in Evocations
 22912 | Elf:2    | Reached skill level 10 in Invocations
 23494 | Elf:1    | Found Jentaex's Tremendous Tomes.
 23541 | Elf:1    | Found Hicemnoq's Jewellery Shoppe.
 23722 | Elf:1    | Noticed a Brimstone Fiend
 24255 | Elf:2    | Reached skill level 10 in Fighting
 24573 | Elf:2    | Found a runed translucent gate.
 24575 | Elf:2    | Found a runed translucent gate.
 24575 | Elf:2    | Found a runed translucent gate.
 25050 | Elf:2    | Killed a deep elf blademaster
 25915 | D:11     | Reached skill level 5 in Shields
 25983 | D:11     | Found Voryir's Magic Scroll Emporium.
 26037 | D:11     | Bought a scroll of blinking for 97 gold pieces
 26037 | D:11     | Bought a scroll of enchant weapon for 97 gold pieces
 26037 | D:11     | Bought a scroll of revelation for 97 gold pieces
 26037 | D:11     | Bought a scroll of revelation for 97 gold pieces
 26081 | D:11     | Identified the +10 whip of Aliowott {freeze, rCorr Int+2}
 26176 | D:11     | Reached XP level 17. HP: 99/99 MP: 21/25
 27290 | D:13     | Noticed Josephine
 27293 | D:13     | Killed Josephine
 28135 | D:14     | Found a gate to the Vaults.
 28727 | D:15     | Entered Level 15 of the Dungeon
 28761 | D:15     | Found a staircase to the Depths.
 30282 | Shoals:1 | Entered Level 1 of the Shoals
 31041 | Shoals:1 | Identified the +0 leather armour of Unreason {Will+}
 31237 | Shoals:2 | Noticed Jorgrun
 31241 | Shoals:2 | Identified the serpent talisman of Polytheism {rC+ rN+
                  | Int+3 Stlth+}
 31241 | Shoals:2 | Noticed Aizul
 31252 | Shoals:2 | Killed Jorgrun
 31253 | Shoals:2 | Reached skill level 15 in Short Blades
 31328 | Shoals:2 | Killed Aizul
 31603 | Shoals:2 | Noticed Ilsuiw
 31631 | Shoals:2 | Reached XP level 18. HP: 74/105 MP: 26/26
 31643 | Shoals:2 | Killed Ilsuiw
 32323 | Shoals:3 | Found a transporter.
 32331 | Shoals:3 | Found a transporter.
 32332 | Shoals:3 | Noticed Bunar's ghost (journeyman FeSh)
 32534 | Shoals:3 | Noticed Nikola
 32543 | Shoals:3 | Killed Nikola
 32619 | Shoals:3 | Reached skill level 10 in Evocations
 33462 | Shoals:4 | Entered Level 4 of the Shoals
 34303 | Shoals:4 | Found Toacy's Armour Boutique.
 35623 | Shoals:4 | Identified the +1 rapier of the Twelve Mystics {elec, rF+}
 35677 | Shoals:4 | Got a barnacled rune of Zot
 35921 | Shoals:4 | Got the Information on Congealing Spellbinding
 36396 | Shoals:3 | Killed Bunar's ghost
 36405 | Shoals:3 | Identified the ring of Sots {Str+3 Int+3 SInv}
 36411 | Shoals:3 | Got the Atlas of Prime Clay
 36799 | D:2      | Killed Natasha
 36950 | D:2      | Noticed Natasha
 36953 | D:2      | Killed Natasha
 37131 | D:2      | Noticed Natasha
 37133 | D:2      | Killed Natasha
 37760 | Spider:1 | Entered Level 1 of the Spider Nest
 37805 | Spider:1 | Found a glacial archway.
 37812 | IceCv    | Entered an ice cave
 38509 | IceCv    | Identified the ring of Jighul {Will+ SInv}
 38630 | Spider:1 | Noticed Roxanne
 38926 | Spider:2 | Reached XP level 19. HP: 112/112 MP: 27/27
 40112 | Spider:3 | Noticed Louise
 40135 | Spider:3 | Killed Louise
 41065 | Spider:1 | Identified the +0 ring mail "Jipn" {Slay+3}
 41483 | Spider:1 | Killed Roxanne
 41619 | Spider:1 | Reached skill level 1 in Ranged Weapons
 41890 | Spider:1 | You fall into a shaft and drop 1 floor!
 42458 | Spider:4 | Entered Level 4 of the Spider Nest
 42486 | Spider:4 | Reached skill level 10 in Shields
 43058 | Spider:4 | Identified the +11 whip of the Bespelled God {protect,
                  | SInv}
 43089 | Spider:4 | Got a gossamer rune of Zot
 43098 | Spider:4 | Identified the +2 pair of boots "Dateixyu" {Int+5}
 43616 | Spider:4 | Reached skill level 5 in Ranged Weapons
 44327 | D:11     | Bought a scroll of brand weapon for 123 gold pieces
 44750 | Elf:2    | Reached XP level 20. HP: 117/117 MP: 28/28
 44968 | Elf:3    | Entered Level 3 of the Elven Halls
 45725 | Elf:3    | Identified the +5 ring mail of Syashria {rPois Stlth+}
 45725 | Elf:3    | Identified the +4 scimitar "Wecvukaw" {freeze, Dex+3}
 45848 | Elf:3    | Identified the ring "Elemis" {rElec rC+ Dex+5}
 45850 | Elf:3    | Identified the +9 dagger of Keyseo Atui {flame, rN+}
 46006 | Elf:3    | Identified the +2 leather armour of Kuyfuhec {Will+++ Str-5
                  | Int+3 Dex+5}
 46145 | Elf:3    | Reached skill level 10 in Ranged Weapons
 46240 | Elf:3    | Found the +8 storm bow {elec, penet}
 46264 | Elf:3    | Found the +2 shield of Resistance {rF++ rC++ Will++}
 46277 | Elf:3    | Got the Secrets of the Swarm
 46279 | Elf:3    | Got Sif Muna's Quarto of Overhead Combustion
 46291 | Elf:3    | Got the Treatise on Heavy Portals
 46300 | Elf:3    | Got Sif Muna's Encyclopedia of the Wispy Boulder
 46694 | Vaults:1 | Entered Level 1 of the Vaults
 47115 | Vaults:1 | Found the +6 lightning scales {swift, rElec}
 47202 | Vaults:1 | Found a runed translucent gate.
 47202 | Vaults:1 | Found a runed translucent gate.
 47202 | Vaults:1 | Found a runed translucent gate.
 47203 | Vaults:1 | Noticed Wiephyun's ghost (veteran GnHu)
 47209 | Vaults:1 | Identified the +1 plate armour "Qotyretu" {rElec rPois
                  | Str-3 Dex+3}
 48178 | Vaults:1 | Identified the +2 robe of the Soldier {Dex+6}
 48196 | Vaults:1 | Found a roughly hewn altar of Beogh.
 48221 | Vaults:1 | Mangled by Wiephyun's ghost

Illustrated notes

Levels and vault maps discovered:
D:1:      dpeg_arrival_rooms_b, layout_basic, st_stairs_1
D:2:      layout_loops_ring, grunt_ministairs_15, uniq_natasha
D:3:      layout_basic, zin_statuary, tso_metal_star, basic_ecumenical_altar
D:4:      layout_basic, minmay_temple_entry_tees
D:5:      minmay_chambers_of_threes, layout_rooms,
          gammafunk_temple_overflow_claw, serial_bayou, serial_bayou_shore_a,
          serial_bayou_pond_d, serial_bayou_lagoon_a, serial_bayou_pond_b,
          st_stairs_11, grunt_decor_one_mirror
D:6:      minmay_recursive_quarters, layout_layer_cave,
          overflow_temple_1_default
D:7:      layout_gridville, mainiacjoe_overflow_24_doors,
          mainiacjoe_overflow_alcove_4
D:8:      layout_gridville, regret_index_xom_buried_treasure,
          kennysheep_decorative_pillar, st_stairs_4, uniq_maurice,
          uniq_gastronok
D:9:      erik_cavepeople, layout_basic, hangedman_feature_mirror, minivault_16,
          nicolae_underground_beach
D:10:     layout_roguey, nicolae_overflow_hidden_temple,
          minmay_lair_entry_grove, kennysheep_orc_monster_closet_entryway,
          enter_bailey_3
D:11:     regret_index_early_branch_jog, layout_basic
D:12:     layout_gridville
D:13:     layout_rooms, minmay_evil_grid, uniq_josephine
D:14:     layout_rooms, david_vaults_4, nicolae_twisting_strands
D:15:     hangedman_depths_entry_civil_slaughter, layout_loops_corners,
          minmay_misc_feat_rugged, serial_library_hellmonk_open_cross
Temple:   nicolae_temple_ecumenical_triangle
Lair:1:   layout_misc_corridors
Lair:2:   layout_roguey, dummy_spider_entry, minmay_lair_oklob_items,
          st_stairs_13, kennysheep_snail_temple
Lair:3:   layout_chaotic_city, elwin_shoals_entry_rocks, gammafunk_ghost_ooze,
          grunt_forest_stairs_basic, uniq_urug, uniq_kirke
Lair:4:   layout_regular_city, dpeg_slime_entry_corner, gauntlet_entry_generic,
          uniq_sonja
Lair:5:   minmay_lair_end_enchanted_forest, layout_regular_city, basic_altar,
          minivault_11
Shoals:1: layout_shoals, nicolae_tricolors
Shoals:2: cheibrodos_shoals_baths, layout_shoals, uniq_jorgrun, uniq_ilsuiw,
          uniq_aizul
Shoals:3: layout_shoals, ebering_ghost_davey_jones, uniq_nikola
Shoals:4: shoals_end_hangedman, layout_shoals, serial_shops,
          nicolae_square_shop, nicolae_shoals_circle_sea_wall,
          nicolae_shoals_shepherds
Spider:1: nicolae_spider_broodchamber, portal_ice_cave_entry_dragon,
          uniq_roxanne
Spider:2: layout_chambers
Spider:3: layout_spider_delve, uniq_louise
Spider:4: hellmonk_spider_rune_bug_friends
Orc:1:    layout_diamond_mine
Orc:2:    grunt_orc_community_town_hall, layout_diamond_mine,
          grunt_orc_community_big_house_1, grunt_orc_community_big_house_2,
          grunt_orc_community_house_1, grunt_orc_community_house_2,
          grunt_orc_community_house_2, grunt_orc_community_house_3,
          grunt_orc_community_house_1, ebering_ghost_gozag
Elf:1:    nicolae_elf_arrival_no_cutting_in_line, layout_gridlike, serial_shops,
          nicolae_shop_gibbet_a_chance, nicolae_square_shop,
          nicolae_elf_shapeshifter_party, nicolae_shop_i_like_big_books,
          roderic_lattice_octagonal_star
Elf:2:    nicolae_elf_blades_crystal_corner, layout_geoelf_octagon
Elf:3:    grunt_elf_hall_asides, layout_rooms, minivault_24,
          minmay_misc_feat_pillars, feat_on_display
Vaults:1: biasface_ghost_orc_armoury, v_pattern_1,
          nicolae_vaults_bisected_exclaves, vaults_dpeg_doors,
          dpeg_vaults_monster_box, vaults_room_fours, nicolae_vaults_alarming,
          nicolae_vaults_meiosis, ontoclasm_vaults_gallery,
          vaults_dpeg_emergency_exit, layout_vaults_maze_snakey

Skill      XL: |  1  2  3  4  5  6  7  8  9 10 11 12 13 14 15 16 17 18 19 20 |
---------------+-------------------------------------------------------------+-----
Short Blades   | 4 5 6 7 9 10 13 15 | 15.0
Stealth        | 2 3 4 6 9 10 14 16 17 19 21 23 25 | 25.3
Dodging        | 5 6 7 8 10 11 15 18 20 22 23 24 25 | 25.6
Invocations    | 2 5 8 9 10 | 10.0
Fighting       | 3 4 6 7 8 9 10 11 12 | 12.0
Shapeshifting  | 2 5 7 |  7.0
Evocations     | 2 4 5 9 10 | 10.0
Spellcasting   | 2 3 |  3.4
Shields        | 2 3 5 6 9 10 | 10.0
Translocations | 1 |  1.7
Ranged Weapons | 5 12 | 12.9

Action                     |  1- 3 |  4- 6 |  7- 9 | 10-12 | 13-15 | 16-18 | 19-21 || total
---------------------------+-------+-------+-------+-------+-------+-------+-------++-------
  Melee: Short sword       |    93 |   145 |   292 |   633 |  1036 |   259 |       ||  2458
         Headbutt          |       |       |       |       |   272 |   579 |   437 ||  1288
         Dagger            |       |       |       |       |    32 |       |       ||    32
         Quick blade       |       |       |       |       |       |  1523 |  1222 ||  2745
   Fire: Hand cannon       |       |       |       |       |       |       |    41 ||    41
 Invoke: Stomp             |       |       |       |     2 |     8 |     1 |     3 ||    14
         Line Pass         |       |       |       |       |    32 |    34 |     5 ||    71
         Grand Finale      |       |       |       |       |       |       |     3 ||     3
  Evoke: Wand              |       |       |     4 |     1 |     8 |    22 |     1 ||    36
         Lightning rod     |       |       |       |       |     6 |       |       ||     6
         Gell's gravitambo |       |       |       |       |     1 |     3 |     3 ||     7
         Box of beasts     |       |       |       |       |     1 |     2 |       ||     3
         Phantom mirror    |       |       |       |       |       |     1 |       ||     1
    Use: Potion            |     3 |       |       |     1 |     5 |     2 |     4 ||    15
         Scroll            |     7 |       |     7 |    10 |    12 |    17 |     7 ||    60
   Stab: Sleeping          |     4 |    11 |     6 |    13 |    35 |   139 |    31 ||   239
         Paralysed         |       |       |     8 |    36 |    71 |    90 |    58 ||   263
         Distracted        |       |       |       |     1 |    13 |    64 |    68 ||   146
         Confused          |       |       |       |       |    26 |    28 |     2 ||    56
 Armour: Robe              |    25 |    37 |    58 |    59 |   104 |   116 |    39 ||   438
         Skin              |       |       |       |       |     1 |       |       ||     1
  Dodge: Dodged            |    57 |    71 |   151 |   372 |   720 |   803 |   545 ||  2719
  Block: Buckler           |    13 |    31 |    61 |   149 |   360 |   438 |   347 ||  1399
   Form: Beast             |       |       |     2 |       |     3 |       |     1 ||     6
                           |       |       |     1 |       |     3 |       |     1 ||     5
         Statue            |       |       |       |       |       |       |     1 ||     1

Table legend: (Time is in decaauts)
 A = Elapsed time spent in this place.
 B = Non-inter-level travel time spent in this place.
 C = Inter-level travel time spent in this place.
 D = Time resting spent in this place.
 E = Time spent auto-exploring this place.
 F = Levels seen in this place.
 G = Mean time per level.
                   A        B        C        D        E       F      G
               +--------+--------+--------+--------+--------+-----+--------+
         Total |  34712 |  32054 |   2658 |   8854 |  14556 |  38 |  913.5 |
       Dungeon |  12626 |  11359 |   1267 |   2107 |   6544 |  15 |  841.7 |
        Temple |     21 |     16 |      5 |      0 |      0 |   1 |   21.0 |
          Lair |   4679 |   4093 |    586 |    596 |   2130 |   5 |  935.8 |
        Shoals |   4739 |   4510 |    229 |   1336 |   2285 |   4 | 1184.8 |
   Spider Nest |   3852 |   3671 |    181 |   1177 |   1484 |   4 |  963.0 |
  Orcish Mines |   2454 |   2273 |    181 |   1142 |    541 |   2 | 1227.0 |
   Elven Halls |   4079 |   3874 |    205 |   1633 |    914 |   3 | 1359.7 |
        Vaults |    903 |    903 |      0 |    132 |    553 |   1 |  903.0 |
        Bailey |    302 |    302 |      0 |    102 |     15 |   1 |  302.0 |
      Ice Cave |    647 |    647 |      0 |    429 |      0 |   1 |  647.0 |
      Gauntlet |    405 |    405 |      0 |    197 |     87 |   1 |  405.0 |
               +--------+--------+--------+--------+--------+-----+--------+

Top non-repeatable levels by time:
Shoals:3: 2219 daAuts
   Orc:2: 1902 daAuts
   Elf:2: 1747 daAuts
Spider:2: 1303 daAuts
   Elf:1: 1244 daAuts
     D:7: 1230 daAuts
    D:10: 1214 daAuts
     D:5: 1130 daAuts
Shoals:4: 1108 daAuts
     D:6: 1094 daAuts
   Elf:3: 1087 daAuts
    D:15: 1073 daAuts
     D:9: 1065 daAuts
Spider:3: 1056 daAuts
  Lair:2: 1009 daAuts
